[gd_scene load_steps=16 format=3 uid="uid://dtbf410dxw84f"]

[ext_resource type="Texture2D" uid="uid://bpkoouppwyh6q" path="res://assets/environment/Rock_32x32.png" id="1_21ki5"]
[ext_resource type="PackedScene" uid="uid://cuamknnphjgqc" path="res://src/model/environment/resources/ResourceNode.tscn" id="1_n2w1w"]
[ext_resource type="Script" uid="uid://ctglge0pb5117" path="res://src/model/environment/resources/rock.gd" id="2_adsbg"]
[ext_resource type="Script" uid="uid://d2cpcabhn5v68" path="res://src/resources/rLootProgress.gd" id="3_1ee3p"]
[ext_resource type="Shader" uid="uid://d1uxmyoexu5ws" path="res://src/model/white_flash.tres" id="3_yq66r"]
[ext_resource type="Script" uid="uid://d2lhl1oj1inoe" path="res://src/resources/rLoot.gd" id="4_djat5"]
[ext_resource type="Script" uid="uid://g14tbtvxiefm" path="res://src/resources/rRngLoot.gd" id="6_4a6o5"]
[ext_resource type="Script" uid="uid://cxcsat1oa5vsx" path="res://src/model/components/combat/toolHurtbox.gd" id="8_ctitf"]

[sub_resource type="RectangleShape2D" id="RectangleShape2D_afoml"]
size = Vector2(32, 6)

[sub_resource type="CircleShape2D" id="CircleShape2D_63nge"]
radius = 32.0

[sub_resource type="ShaderMaterial" id="ShaderMaterial_ylnd7"]
shader = ExtResource("3_yq66r")
shader_parameter/HitFlashColor = Color(0, 0, 0, 1)
shader_parameter/ColorOverlayWeight = Vector4(0.5, 0.5, 0.5, 0.5)
shader_parameter/Enabled = false

[sub_resource type="Resource" id="Resource_yov5r"]
script = ExtResource("3_1ee3p")
value = 2.0
guaranteed_loot = Array[ExtResource("4_djat5")]([])
rng_loot = Array[ExtResource("6_4a6o5")]([])

[sub_resource type="Resource" id="Resource_wf1a5"]
script = ExtResource("3_1ee3p")
value = 1.0
guaranteed_loot = Array[ExtResource("4_djat5")]([])
rng_loot = Array[ExtResource("6_4a6o5")]([])

[sub_resource type="Resource" id="Resource_v08yd"]
script = ExtResource("3_1ee3p")
value = 0.0
guaranteed_loot = Array[ExtResource("4_djat5")]([])
rng_loot = Array[ExtResource("6_4a6o5")]([])

[sub_resource type="RectangleShape2D" id="RectangleShape2D_ug1gk"]
size = Vector2(32, 19)

[node name="Rock" node_paths=PackedStringArray("_loot_progress_component", "_sprite") instance=ExtResource("1_n2w1w")]
script = ExtResource("2_adsbg")
required_tool = 2
_resource_hp = 3
_destroy_on_zero_hp = true
_loot_progress_component = NodePath("LootProgressComponent")
_sprite = NodePath("ClickableSprite2DComponent")
_resource_hp_to_sprite_map = Dictionary[int, int]({
1: 2,
2: 1,
3: 0
})

[node name="CollisionShape2D" type="CollisionShape2D" parent="." index="0"]
position = Vector2(0, 7)
shape = SubResource("RectangleShape2D_afoml")

[node name="ClickableSprite2DComponent" parent="." index="1"]
texture = ExtResource("1_21ki5")
hframes = 3

[node name="InteractableComponent" parent="." index="2" node_paths=PackedStringArray("interactable_owner")]
interactable_owner = NodePath("..")
is_enabled = true

[node name="CollisionShape2D" type="CollisionShape2D" parent="InteractableComponent" index="0"]
shape = SubResource("CircleShape2D_63nge")
debug_color = Color(0, 0.627105, 0.504995, 0.42)

[node name="FlashComponent" parent="." index="4"]
_material = SubResource("ShaderMaterial_ylnd7")

[node name="LootProgressComponent" parent="." index="5"]
_loot_drops_by_hp = Array[ExtResource("3_1ee3p")]([SubResource("Resource_yov5r"), SubResource("Resource_wf1a5"), SubResource("Resource_v08yd")])

[node name="ComponentToolHurtbox" type="Area2D" parent="." index="6"]
script = ExtResource("8_ctitf")

[node name="CollisionShape2D" type="CollisionShape2D" parent="ComponentToolHurtbox" index="0"]
position = Vector2(0, 0.5)
shape = SubResource("RectangleShape2D_ug1gk")

[connection signal="hurt" from="ComponentToolHurtbox" to="." method="_on_tool_hurtbox_hurt"]
